| TOP OF THE 1ST |
|
Fresno Grizzlies batting - Pitching for Scranton WB RailRiders : RHP Eric Aguilar
|
|
Pitching: RHP Eric Aguilar
|
|
|
Batting: RHB Ben Hoffman
|
0-0: Ball 1-0: Ball 2-0: Swinging Strike 2-1: Foul Ball, location: 2F 2-2: Foul Ball, location: 2F 2-2: Ball 3-2: Base on Balls
|
|
Batting: RHB Paul Shell
|
0-0: Ball Ben Hoffman steals 2nd base (no throw) 1-0: Swinging Strike 1-1: Ball Ben Hoffman steals 3rd base (no throw) 2-1: Swinging Strike 2-2: Fly out, F7 (Flyball, 78S, EV 83.1 MPH)
|
|
Batting: LHB Chris Cabrera
|
0-0: Ball 1-0: Foul Ball, location: 2F 1-1: Fly out, F8 (Flyball, 8RM, EV 88.8 MPH)
|
|
Batting: RHB Bill Cabrera
|
0-0: Swinging Strike 0-1: Called Strike 0-2: Strikes out looking
|
| Top of the 1st over - 0 runs, 0 hits, 0 errors, 1 left on base; Fresno 0 - Scranton WB 0 |
| BOTTOM OF THE 1ST |
|
Scranton WB RailRiders batting - Pitching for Fresno Grizzlies : RHP Doug Nickey
|
|
Pitching: RHP Doug Nickey
|
|
|
Batting: RHB Devon Utley
|
0-0: Ball 1-0: Ball 2-0: Foul Ball, location: 2F 2-1: Swinging Strike 2-2: Strikes out swinging
|
|
Batting: SHB Victor Ruiz
|
0-0: Ball 1-0: Ground out U3 (Groundball, 34, EV 86.9 MPH)
|
|
Batting: SHB Mukhtar Wa'il
|
0-0: Called Strike 0-1: Ball 1-1: Called Strike 1-2: Strikes out swinging
|
| Bottom of the 1st over - 0 runs, 0 hits, 0 errors, 0 left on base; Fresno 0 - Scranton WB 0 |
| TOP OF THE 2ND |
|
Fresno Grizzlies batting - Pitching for Scranton WB RailRiders : RHP Eric Aguilar
|
|
Batting: LHB Doug Anderson
|
0-0: Ball 1-0: Called Strike 1-1: Ball 2-1: Ball 3-1: Swinging Strike 3-2: Foul Ball, location: 2F 3-2: Ground out 4-3 (Groundball, 4, EV 89.4 MPH)
|
|
Batting: RHB Ramon Castellon
|
0-0: Called Strike 0-1: Ball 1-1: Called Strike 1-2: Foul Ball, location: 2F 1-2: Foul Ball, location: 2F 1-2: Ball 2-2: Strikes out swinging
|
|
Batting: LHB Daniel Lopez
|
0-0: Called Strike 0-1: Ball 1-1: Swinging Strike 1-2: Foul Ball, location: 2F 1-2: Ground out 4-3 (Groundball, 4, EV 81.2 MPH)
|
| Top of the 2nd over - 0 runs, 0 hits, 0 errors, 0 left on base; Fresno 0 - Scranton WB 0 |
| BOTTOM OF THE 2ND |
|
Scranton WB RailRiders batting - Pitching for Fresno Grizzlies : RHP Doug Nickey
|
|
Batting: RHB Scott King
|
0-0: Ball 1-0: Ball 2-0: Ball 3-0: SINGLE (Flyball, 9, EV 91.2 MPH)
|
|
Batting: RHB Bobby Melillo
|
0-0: Foul Ball, location: 2F 0-1: Ball 1-1: SINGLE (Groundball, 34D, EV 107.5 MPH) Scott King to second Runner from 2nd tries for 3rd, SAFE, no throw by RF
|
|
Batting: LHB Aaron Joyner
|
0-0: Ball 1-0: Ball 2-0: Fielders Choice at 2nd, 6-4 (Groundball, 6, EV 88.8 MPH) Scott King scores
|
|
Batting: SHB Edwin Dominguez
|
0-0: SINGLE (Groundball, 34S, EV 71.2 MPH) (infield hit) Aaron Joyner to second
|
|
Batting: SHB Joe Fure
|
0-0: Called Strike 0-1: Swinging Strike 0-2: Ball 1-2: Ball 2-2: Ball 3-2: Grounds into double play, 4-6-3 (Groundball, 4, EV 82.5 MPH)
|
| Bottom of the 2nd over - 1 run, 3 hits, 0 errors, 1 left on base; Fresno 0 - Scranton WB 1 |
| TOP OF THE 3RD |
|
Fresno Grizzlies batting - Pitching for Scranton WB RailRiders : RHP Eric Aguilar
|
|
Batting: RHB Edgar Trejo
|
0-0: Ball 1-0: Ground out U3 (Groundball, 34, EV 103.8 MPH)
|
|
Batting: RHB Raul Sanchez
|
0-0: Ball 1-0: Called Strike 1-1: Ball 2-1: Ball 3-1: Ground out 4-3 (Groundball, 34, EV 90.6 MPH)
|
|
Batting: RHB Ben Hoffman
|
0-0: Called Strike 0-1: Foul Ball, location: 2F 0-2: Ball 1-2: Foul Ball, location: 2F 1-2: Foul Ball, location: 2F 1-2: Ground out 6-3 (Groundball, 6, EV 84.4 MPH)
|
| Top of the 3rd over - 0 runs, 0 hits, 0 errors, 0 left on base; Fresno 0 - Scranton WB 1 |
| BOTTOM OF THE 3RD |
|
Scranton WB RailRiders batting - Pitching for Fresno Grizzlies : RHP Doug Nickey
|
|
Batting: RHB Jordan Barragan
|
0-0: Ball 1-0: Foul Ball, location: 2F 1-1: Ground out 4-3 (Groundball, 4, EV 101.9 MPH)
|
|
Batting: RHB Devon Utley
|
0-0: Called Strike 0-1: Called Strike 0-2: Ball 1-2: Ball 2-2: Strikes out swinging
|
|
Batting: SHB Victor Ruiz
|
0-0: Called Strike 0-1: Foul Ball, location: 2F 0-2: Fly out, F8 (Line Drive, 8LM, EV 106.2 MPH)
|
| Bottom of the 3rd over - 0 runs, 0 hits, 0 errors, 0 left on base; Fresno 0 - Scranton WB 1 |
| TOP OF THE 4TH |
|
Fresno Grizzlies batting - Pitching for Scranton WB RailRiders : RHP Eric Aguilar
|
|
Batting: RHB Paul Shell
|
0-0: Foul Ball, location: 2F 0-1: Ball 1-1: Foul Ball, location: 2F 1-2: Foul Ball, location: 2F 1-2: Ball 2-2: Ball 3-2: Strikes out looking
|
|
Batting: LHB Chris Cabrera
|
0-0: Ball 1-0: Ball 2-0: Ball 3-0: Called Strike 3-1: Swinging Strike 3-2: Ground out 6-3 (Groundball, 6, EV 81.2 MPH)
|
|
Batting: RHB Bill Cabrera
|
0-0: Fly out, F8 (Flyball, 8LM, EV 83.1 MPH)
|
| Top of the 4th over - 0 runs, 0 hits, 0 errors, 0 left on base; Fresno 0 - Scranton WB 1 |
| BOTTOM OF THE 4TH |
|
Scranton WB RailRiders batting - Pitching for Fresno Grizzlies : RHP Doug Nickey
|
|
Batting: SHB Mukhtar Wa'il
|
0-0: Ball 1-0: Called Strike 1-1: Ball 2-1: Foul Ball, location: 2F 2-2: Strikes out swinging
|
|
Batting: RHB Scott King
|
0-0: Foul Ball, location: 2F 0-1: SINGLE (Groundball, 4MD, EV 102.5 MPH)
|
|
Batting: RHB Bobby Melillo
|
0-0: Ball 1-0: Ball 2-0: Ball 3-0: Base on Balls Scott King to second
|
|
Batting: LHB Aaron Joyner
|
0-0: Ball 1-0: Ball 2-0: SINGLE (Groundball, 34, EV 100.6 MPH) Scott King to third Bobby Melillo to second Runner from 3rd tries for Home, throw by RF and OUT! 9-2
|
|
Batting: SHB Edwin Dominguez
|
0-0: Ball 1-0: Swinging Strike 1-1: Called Strike 1-2: Ball 2-2: Ball 3-2: Base on Balls Bobby Melillo to third Aaron Joyner to second
|
|
Batting: SHB Joe Fure
|
0-0: Foul Ball, location: 2F 0-1: Ball 1-1: Ground out 4-3 (Groundball, 4, EV 100.6 MPH)
|
| Bottom of the 4th over - 0 runs, 2 hits, 0 errors, 3 left on base; Fresno 0 - Scranton WB 1 |
| TOP OF THE 5TH |
|
Fresno Grizzlies batting - Pitching for Scranton WB RailRiders : RHP Eric Aguilar
|
|
Batting: LHB Doug Anderson
|
0-0: Ball 1-0: Called Strike 1-1: Ball 2-1: Ball 3-1: Foul Ball, location: 2F 3-2: Base on Balls
|
|
Batting: RHB Ramon Castellon
|
0-0: Called Strike 0-1: Swinging Strike 0-2: Ball 1-2: Ball 2-2: Ball 3-2: Foul Ball, location: 2F 3-2: Base on Balls Doug Anderson to second
|
|
Batting: LHB Daniel Lopez
|
0-0: Ball 1-0: Swinging Strike 1-1: Ground out 5-3 (Groundball, 56S, EV 86.9 MPH) Doug Anderson to third Ramon Castellon to second
|
|
Batting: RHB Edgar Trejo
|
0-0: Ball 1-0: Ground out 6-3 (Groundball, 6, EV 98.1 MPH)
|
|
Batting: RHB Raul Sanchez
|
0-0: Foul Ball, location: 2F 0-1: Swinging Strike 0-2: Ball 1-2: Ground out U3 (Groundball, 3, EV 86.2 MPH)
|
| Top of the 5th over - 0 runs, 0 hits, 0 errors, 2 left on base; Fresno 0 - Scranton WB 1 |
| BOTTOM OF THE 5TH |
|
Scranton WB RailRiders batting - Pitching for Fresno Grizzlies : RHP Doug Nickey
|
|
Batting: RHB Jordan Barragan
|
0-0: Ground out 5-3 (Groundball, 56, EV 87.5 MPH)
|
|
Batting: RHB Devon Utley
|
0-0: Ball 1-0: Foul Ball, location: 2F 1-1: Ground out 6-3 (Groundball, 6, EV 86.2 MPH)
|
|
Batting: SHB Victor Ruiz
|
0-0: Called Strike 0-1: Ball 1-1: Ball 2-1: Swinging Strike 2-2: Ball 3-2: Fly out, F7 (Flyball, 7S, EV 88.8 MPH)
|
| Bottom of the 5th over - 0 runs, 0 hits, 0 errors, 0 left on base; Fresno 0 - Scranton WB 1 |
| TOP OF THE 6TH |
|
Fresno Grizzlies batting - Pitching for Scranton WB RailRiders : RHP Eric Aguilar
|
|
Batting: RHB Ben Hoffman
|
0-0: Ground out 4-3 (Groundball, 4, EV 79.4 MPH)
|
|
Batting: RHB Paul Shell
|
0-0: Ball 1-0: Swinging Strike 1-1: Ball 2-1: Called Strike 2-2: Foul Ball, location: 2F 2-2: Strikes out swinging
|
|
Batting: LHB Chris Cabrera
|
0-0: Foul Ball, location: 2F 0-1: Swinging Strike 0-2: Foul Ball, location: 2F 0-2: Foul Ball, location: 2F 0-2: SINGLE (Groundball, 56D, EV 94.4 MPH)
|
|
Batting: RHB Bill Cabrera
|
0-0: Swinging Strike 0-1: Swinging Strike 0-2: Strikes out swinging
|
| Top of the 6th over - 0 runs, 1 hit, 0 errors, 1 left on base; Fresno 0 - Scranton WB 1 |
| BOTTOM OF THE 6TH |
|
Scranton WB RailRiders batting - Pitching for Fresno Grizzlies : RHP Doug Nickey
|
|
Batting: SHB Mukhtar Wa'il
|
0-0: Called Strike 0-1: Fly out, F9 (Flyball, 9D, EV 105.0 MPH)
|
|
Batting: RHB Scott King
|
0-0: Ball 1-0: Ball 2-0: Ball 3-0: Base on Balls
|
|
Batting: RHB Bobby Melillo
|
0-0: Ball 1-0: Called Strike 1-1: Called Strike 1-2: Ball 2-2: Grounds into double play, U6-3 (Groundball, 4M, EV 89.4 MPH)
|
| Bottom of the 6th over - 0 runs, 0 hits, 0 errors, 0 left on base; Fresno 0 - Scranton WB 1 |
| TOP OF THE 7TH |
|
Fresno Grizzlies batting - Pitching for Scranton WB RailRiders : RHP Eric Aguilar
|
|
Pitching: LHP Jose Carmona
|
|
|
Batting: LHB Doug Anderson
|
0-0: Ball 1-0: Ball 2-0: Ball 3-0: Called Strike 3-1: Base on Balls
|
|
Pitching: RHP John Robidoux
|
|
|
Batting: RHB Ramon Castellon
|
0-0: Ball 1-0: Grounds into double play, 6-4-3 (Groundball, 6, EV 103.1 MPH)
|
|
Batting: LHB Daniel Lopez
|
0-0: Called Strike 0-1: Ball 1-1: SINGLE (Groundball, 4MS, EV 69.4 MPH) (infield hit)
|
|
Pitching: RHP Jake Visconti
|
|
|
Batting: RHB Edgar Trejo
|
0-0: Called Strike 0-1: Foul Ball, location: 2F 0-2: Ball 1-2: Ball 2-2: DOUBLE (Flyball, 89D, EV 99.4 MPH) Daniel Lopez to third
|
|
Batting: RHB Raul Sanchez
|
0-0: Ground out 5-3 (Groundball, 5S, EV 85.6 MPH)
|
| Top of the 7th over - 0 runs, 2 hits, 0 errors, 2 left on base; Fresno 0 - Scranton WB 1 |
| BOTTOM OF THE 7TH |
|
Scranton WB RailRiders batting - Pitching for Fresno Grizzlies : RHP Doug Nickey
|
|
Batting: LHB Aaron Joyner
|
0-0: Ball 1-0: Swinging Strike 1-1: Called Strike 1-2: Strikes out swinging
|
|
Batting: SHB Edwin Dominguez
|
0-0: Foul Ball, location: 2F 0-1: Ball 1-1: Ground out 6-3 (Groundball, 6, EV 99.4 MPH)
|
|
Batting: SHB Joe Fure
|
0-0: Ground out 4-3 (Groundball, 4, EV 84.4 MPH)
|
| Bottom of the 7th over - 0 runs, 0 hits, 0 errors, 0 left on base; Fresno 0 - Scranton WB 1 |
| TOP OF THE 8TH |
|
Fresno Grizzlies batting - Pitching for Scranton WB RailRiders : RHP Jake Visconti
|
|
Batting: RHB Ben Hoffman
|
0-0: Fly out, F7 (Flyball, 7LM, EV 90.6 MPH)
|
|
Batting: RHB Paul Shell
|
0-0: Ball 1-0: Fly out, F9 (Flyball, 9D, EV 101.9 MPH)
|
|
Batting: LHB Chris Cabrera
|
0-0: Ball 1-0: Ball 2-0: Ground out 4-3 (Groundball, 34S, EV 83.1 MPH)
|
| Top of the 8th over - 0 runs, 0 hits, 0 errors, 0 left on base; Fresno 0 - Scranton WB 1 |
| BOTTOM OF THE 8TH |
|
Scranton WB RailRiders batting - Pitching for Fresno Grizzlies : RHP Doug Nickey
|
|
Batting: RHB Jordan Barragan
|
0-0: Ball 1-0: Foul Ball, location: 2F 1-1: Ground out 5-3 (Groundball, 56, EV 82.5 MPH)
|
|
Batting: RHB Devon Utley
|
0-0: Swinging Strike 0-1: Swinging Strike 0-2: Strikes out swinging
|
|
Batting: SHB Victor Ruiz
|
0-0: Foul Ball, location: 2F 0-1: Ball 1-1: Ball 2-1: Foul Ball, location: 2F 2-2: Ball 3-2: Base on Balls
|
|
Pitching: RHP Willie Jimenez
|
|
|
Batting: SHB Mukhtar Wa'il
|
0-0: Foul Ball, location: 2F 0-1: Ball 1-1: Ball 2-1: Ball 3-1: Fly out, F7 (Flyball, 7S, EV 86.2 MPH)
|
| Bottom of the 8th over - 0 runs, 0 hits, 0 errors, 1 left on base; Fresno 0 - Scranton WB 1 |
| TOP OF THE 9TH |
|
Fresno Grizzlies batting - Pitching for Scranton WB RailRiders : RHP Jake Visconti
|
|
Pitching: RHP Isaias Chavez
|
|
|
Now at 1B: Cristiano SerrĂ£o
|
|
|
Batting: RHB Bill Cabrera
|
0-0: Called Strike 0-1: Ball 1-1: Ball 2-1: Called Strike 2-2: Ball 3-2: Foul Ball, location: 2F 3-2: Strikes out swinging
|
|
Batting: LHB Doug Anderson
|
0-0: Ball 1-0: Foul Ball, location: 2F 1-1: Called Strike 1-2: Strikes out swinging
|
|
Batting: RHB Ramon Castellon
|
0-0: Ball 1-0: Ball 2-0: Ball 3-0: Called Strike 3-1: Base on Balls
|
|
Batting: LHB Daniel Lopez
|
0-0: Ball 1-0: Foul Ball, location: 2F 1-1: Ball 2-1: Ground out 4-3 (Groundball, 4, EV 90.0 MPH)
|
| Top of the 9th over - 0 runs, 0 hits, 0 errors, 1 left on base; Fresno 0 - Scranton WB 1 |
|